 Dungeon Crawl Stone Soup version 0.17.0-28-g6e173f8 (console) character file.

107 Kloppie the Covered (level 5, -1/42 HPs)
             Began as a Formicid Fighter on Nov 24, 2015.
             Succumbed to an orc wizard's poison
             ... on level 4 of the Dungeon.
             The game lasted 00:02:29 (2001 turns).

Kloppie the Covered (Formicid Fighter)              Turns: 2001, Time: 00:02:29

Health: -1/42      AC:  7    Str: 20    XL:     5   Next: 11%
Magic:  5/5        EV:  7    Int: 13    God:
Gold:   173        SH:  9    Dex: 11    Spells: 0 memorised, 4 levels left

rFire  . . .     SeeInvis +     a - +0 war axe
rCold  . . .     Clarity  .     b - +0 scale mail
rNeg   . . .     SustAt   .     c - +0 shield
rPois  .         Gourm    .     (helmet unavailable)
rElec  .         Spirit   .     (no cloak)
rCorr  .         Warding  .     (no gloves)
rMut   .         Stasis   +     (no boots)
MR     .....                    (no amulet)
Stlth  ..........               (no ring)
                                (no ring)

@: brilliant, lethally poisoned (-1 -> -40), not resistant to hostile
enchantments, extremely unstealthy
A: permanent stasis, dig shafts and tunnels, four strong arms, antennae 3
a: Dig, Shaft Self


You were on level 4 of the Dungeon.
You were hungry.

You visited 1 branch of the dungeon, and saw 4 of its levels.

You collected 173 gold pieces.

Inventory:

Hand Weapons
 a - a +0 war axe (weapon)
Armour
 b - a +0 scale mail (worn)
 c - a +0 shield (worn)
Jewellery
 j - an uncursed ring of poison resistance {unknown}
 k - an uncursed amulet of clarity {unknown}
Scrolls
 f - a scroll of blinking {unknown}
 h - 3 scrolls of remove curse {unknown}
 l - 2 scrolls of identify {unknown}
 m - a scroll of random uselessness {unknown}
 o - a scroll of enchant armour {unknown}
 q - a scroll of teleportation {unknown}
 r - a scroll of immolation {unknown}
 t - a scroll of fog {unknown}
Potions
 d - a potion of might
 g - 2 potions of brilliance
 i - a potion of cancellation {unknown}
 p - a potion of cure mutation {unknown}
Comestibles
 e - 2 bread rations
 n - a beef jerky
 s - 2 meat rations
 u - a slice of pizza


   Skills:
 + Level 4.1 Fighting
 + Level 3.2 Axes
 + Level 4.5 Armour
 - Level 3.6 Shields


You had 4 spell levels left.
You didn't know any spells.

Dungeon Overview and Level Annotations

Branches:
Dungeon (4/15)
 Temple: D:4-7

Altars:
Kikubaaqudgha
Makhleb
Vehumet
The Shining One

Annotations:
D:3 Ivanskos's ghost, weakling DDFi


Innate Abilities, Weirdness & Mutations

You are under a permanent stasis effect.
You can dig through walls and to a lower floor.
Your four strong arms can wield two-handed weapons with a shield.
You have a pair of large antennae on your head (SInv).


Message History

* * * LOW HITPOINT WARNING * * *
You feel very sick.
The orc wizard hits you with a dagger of venom.
* * * LOW HITPOINT WARNING * * *
You are more poisoned.
The orc wizard looks braver for a moment.
The orc wizard gestures wildly while chanting.
The orc wizard blinks!
You block the orc wizard's attack.
You slash the orc wizard!
You kill the orc wizard!
Your Fighting skill increases to level 4!
You have reached level 5!
* * * LOW HITPOINT WARNING * * *
You feel very sick.
The orc wizard hits you but does no damage.
You are more poisoned.
Drink which item? (? for menu, Esc to quit)
It was a potion of brilliance.
You feel clever all of a sudden.
You die...

.#.# ....# ...## ..
##..## #######..
#....####........
##................
#.......##........
##......###..≈≈≈≈≈.
#.@..#..# #...≈≈≈≈.
#.)o###..#
##..≈≈≈.. #...##
#..# #..≈≈≈≈≈ #...#
#..# #...≈≈.. #...#
#..## #.⌠.....
#...#
#...###...##.. #...
##.#..###.##### ...
##..#...........
#..#####.....###


You could see an orc wizard.

Vanquished Creatures
  A giant frog skeleton (D:4)
  An orc wizard (D:4)
  A worm (D:2)
  3 giant geckos
  2 orcs
  A giant cockroach (D:2)
  5 goblins
  5 hobgoblins
  4 jackals (D:3)
  8 bats
  4 giant newts
  3 kobolds
  3 rats
41 creatures vanquished.

Notes
Turn   | Place    | Note
--------------------------------------------------------------
     0 | D:1      | Kloppie the Formicid Fighter began the quest for the Orb.
     0 | D:1      | Reached XP level 1. HP: 18/18 MP: 1/1
   140 | D:1      | Found a glowing golden altar of the Shining One.
   274 | D:1      | Reached XP level 2. HP: 20/24 MP: 2/2
   821 | D:2      | Reached XP level 3. HP: 25/29 MP: 3/3
  1114 | D:2      | Found a radiant altar of Vehumet.
  1118 | D:2      | Found a burning altar of Makhleb.
  1564 | D:3      | Reached skill level 4 in Armour
  1683 | D:3      | Noticed Ivanskos's ghost (weakling DDFi)
  1943 | D:4      | Reached XP level 4. HP: 37/37 MP: 4/4
  1946 | D:4      | Found an ancient bone altar of Kikubaaqudgha.
  2000 | D:4      | Reached XP level 5. HP: 6/42 MP: 5/5
  2000 | D:4      | HP: 2/42 [poisoned by an orc wizard]
  2001 | D:4      | Succumbed to an orc wizard's poison

Action                   |  1- 3 |  4- 6 || total
-------------------------+-------+-------++-------
Melee: War axe           |   136 |    10 ||   146
  Use: Potion            |       |     1 ||     1
  Eat: Chunk             |     3 |       ||     3
